 Dungeon Crawl Stone Soup version 0.16.0-17-g811c1d7 (console) character file.

2946 gw the Cleaver (level 9, -6/79 HPs)
             Began as a Hill Orc Fighter on Mar 22, 2015.
             Was a Believer of Beogh.
             Mangled by Pikel
             ... wielding a +1 whip of electrocution
              (19 damage)
             ... on level 7 of the Dungeon.
             The game lasted 00:09:58 (9168 turns).

gw the Cleaver (Hill Orc Fighter)                   Turns: 9168, Time: 00:09:59

Health: -6/79      AC: 12    Str: 19    XL:     9   Next: 80%
Magic:  9/9        EV:  6    Int:  8    God:    Beogh [**....]
Gold:   310        SH: 11    Dex: 13    Spells: 0 memorised, 8 levels left

rFire  . . .     SeeInvis .     a - +0 war axe
rCold  . . .     Clarity  .     l - +0 chain mail (curse)
rNeg   . . .     SustAb   +     c - +0 shield
rPois  .         Gourm    .     (no helmet)
rElec  .         Spirit   .     (no cloak)
rCorr  .         Warding  .     (no gloves)
rMut   .         Stasis   .     m - +0 pair of boots (curse)
MR     .....                    (no amulet)
Stlth  ..........               (no ring)
                                v - ring of sustain abilities

@: not resistant to hostile enchantments, extremely unstealthy
A: no striking features
a: Smiting, Renounce Religion


You were on level 7 of the Dungeon.
You worshipped Beogh.
Beogh was pleased with you.
You were not hungry.

You visited 2 branches of the dungeon, and saw 8 of its levels.

You collected 310 gold pieces.

Inventory:

Hand weapons
 a - a +0 war axe (weapon)
Missiles
 f - 66 stones
 q - 25 poisoned needles
 r - 3 tomahawks (quivered)
Armour
 c - a +0 shield (worn)
 l - a cursed +0 chain mail (worn)
 m - a cursed +0 pair of boots (worn)
Jewellery
 v - a ring of sustain abilities (left hand)
Magical devices
 k - a wand of random effects (27)
 p - a wand of enslavement (14)
 t - a wand of frost (16)
Scrolls
 b - a scroll of remove curse
 g - a scroll of fog
 h - 3 scrolls of identify
Potions
 e - 3 potions of curing
 n - a potion of ambrosia
Comestibles
 d - 3 meat rations
 i - 3 bread rations
 j - 3 beef jerkies
 o - a royal jelly


   Skills:
 + Level 7.0 Fighting
 * Level 10.3 Axes
 + Level 5.3 Throwing
 + Level 6.9 Armour
 + Level 6.8 Shields


You had 8 spell levels left.
You didn't know any spells.

Dungeon Overview and Level Annotations

Branches:
Dungeon (7/15)             Temple (1/1) D:4

Altars:
Ashenzari
Cheibriados
Elyvilon
Gozag
Kikubaaqudgha
Makhleb
Nemelex Xobeh
Qazlal
Ru
Trog
Vehumet
Xom
Yredelemnul
Zin
The Shining One

Annotations:
D:3 exclusion: downstairs
D:7 Pikel


Message History

Unknown command.
MOVING TO (-7,0)
You see here a quokka corpse.
Unknown command.
Unknown command.
Unknown command.
MOVING TO (-6,0) Unknown command.
Unknown command.
Unknown command.
MOVING TO (-5,0)
Things that are here:
an animal skin; a hobgoblin corpse Unknown command.
Unknown command.
Unknown command.
You miss Pikel.
Pikel is almost dead.
Pikel hits you but does no damage.
You are electrocuted!
You die...

## ..# #.# ############ #.##
#......#...#
##..######......#...# #####
#........#......#...#
....####........#p.........#
..............%.oKp........+
....####........)###.......#
....# #.........# #....?..#
....####.........# #....####
....#..?.........# ######
..###............#
..###............#
<.......####.###.# ........#
#.# #.#


You could see Pikel and 2 slaves.

Table legend:
 A = Turns spent in this place as a percentage of turns spent in the entire game.
 B = Non-inter-level travel turns spent in this place as a percentage of non-inter-level travel turns spent in the entire game.
 C = Inter-level travel turns spent in this place as a percentage of turns spent in this place.
 D = Turns resting spent in this place as a percentage of non-inter-level travel turns spent in this place.
 E = Turns spent auto-exploring this place as a percentage of non-inter-level travel turns spent in this place.
 F = Non-inter-level travel turns spent in this place divided by the number of levels of this place that you've seen.
                   A       B       C       D       E      F
               +-------+-------+-------+-------+-------+----------------------
         Total | 100.0 | 100.0 |   0.4 |   1.1 |   2.4 | 1519.2
       Dungeon |  98.6 |  98.6 |   0.4 |   1.1 |   2.3 | 1711.6
        Temple |   1.4 |   1.4 |   0.6 |   0.0 |   4.6 | 173.0
               +-------+-------+-------+-------+-------+----------------------

Table legend:
 A = Kills in this place as a percentage of kills in entire the game.
 B = Kills by you in this place as a percentage of kills by you in the entire game.
 C = Kills by friends in this place as a percentage of kills by friends in the entire game.
 D = Other kills in this place as a percentage of other kills in the entire game.
 E = Experience gained in this place as a percentage of experience gained in the entire game.
 F = Experience gained in this place divided by the number of levels of this place that you have seen.
                   A       B       C       D       E      F
               +-------+-------+-------+-------+-------+----------------------
         Total | 100.0 | 100.0 |  -nan |  -nan | 100.0 | 526.1
       Dungeon | 100.0 | 100.0 |  -nan |  -nan | 100.0 | 601.3
               +-------+-------+-------+-------+-------+----------------------

Vanquished Creatures
  The ghost of MethylKetone the Ducker, an experienced FoWr (D:4)
  Grinder (D:4)
  A hippogriff (D:7)
  Edmund (D:5)
  A water moccasin (D:7)
  2 slaves (D:7)
  A centaur (D:5)
  A sky beast (D:5)
  A phantom (D:6)
  2 ogres
  A black bear (D:6)
  Sigmund (D:5)
  2 giant frogs
  3 jellies (D:5)
  A water moccasin skeleton (D:6)
  A centaur zombie (D:5)
  5 electric eels (D:6)
  3 crimson imps
  4 hounds
  2 iguanas
  3 orc priests
  A giant frog skeleton (D:4)
  4 orc wizards
  Natasha (thrice) (D:5)
  6 worker ants
  Ijyb (D:5)
  A worker ant zombie (D:6)
  4 gnolls (D:7)
  11 adders
  2 shadow imps
  3 worms
  2 adder skeletons
  An ooze (D:1)
  21 orcs
  10 bats
  A bat skeleton (D:6)
  5 giant cockroaches
  12 goblins
  17 hobgoblins
  8 kobolds
  2 quokkas
  2 ball pythons (D:2)
  A giant cockroach zombie (D:5)
  6 giant geckos
  3 giant newts
  2 jackals (D:1)
  7 rats
  A plant (D:6)
175 creatures vanquished.

Vanquished Creatures (others)
  An orc (D:4)
1 creature vanquished.

Grand Total: 176 creatures vanquished

Notes
Turn   | Place    | Note
--------------------------------------------------------------
     0 | D:1      | gw, the Hill Orc Fighter, began the quest for the Orb.
     0 | D:1      | Reached XP level 1. HP: 19/19 MP: 1/1
   277 | D:1      | Reached XP level 2. HP: 26/26 MP: 2/2
   933 | D:2      | Reached XP level 3. HP: 33/33 MP: 3/3
   998 | D:2      | Found an ancient bone altar of Kikubaaqudgha.
  1014 | D:2      | Found a stormy altar of Qazlal.
  1263 | D:2      | Reached skill level 4 in Fighting
  1355 | D:2      | Reached skill level 1 in Throwing
  1688 | D:3      | Reached XP level 4. HP: 40/40 MP: 4/4
  1748 | D:3      | Found a sparkling altar of Nemelex Xobeh.
  3378 | D:4      | Found a glowing silver altar of Zin.
  3378 | D:4      | Noticed an angel
  3381 | D:4      | Found a shimmering altar of Xom.
  3398 | D:4      | Reached XP level 5. HP: 43/46 MP: 5/5
  3580 | D:4      | Found a staircase to the Ecumenical Temple.
  3594 | Temple   | Entered the Ecumenical Temple
  3680 | D:4      | Noticed MethylKetone's ghost (experienced FoWr)
  3950 | D:4      | Killed MethylKetone's ghost
  3950 | D:4      | Reached skill level 5 in Axes
  3950 | D:4      | Reached XP level 6. HP: 35/55 MP: 6/6
  3950 | D:4      | Reached XP level 7. HP: 38/60 MP: 7/7
  4227 | D:4      | Reached skill level 6 in Axes
  4295 | D:4      | Noticed Grinder
  4306 | D:4      | Killed Grinder
  4306 | D:4      | Reached skill level 5 in Fighting
  4513 | D:4      | Reached skill level 5 in Armour
  4817 | D:4      | Became a worshipper of Beogh the Brigand
  4977 | D:5      | Entered Level 5 of the Dungeon
  5026 | D:5      | Noticed Sigmund
  5030 | D:5      | Reached skill level 7 in Axes
  5030 | D:5      | Reached skill level 5 in Shields
  5030 | D:5      | Reached XP level 8. HP: 60/68 MP: 8/8
  5035 | D:5      | Killed Sigmund
  5585 | D:5      | Noticed Edmund
  5606 | D:5      | Killed Edmund
  5606 | D:5      | Acquired Beogh's first power
  5606 | D:5      | Reached skill level 8 in Axes
  5814 | D:5      | Noticed Natasha
  5819 | D:5      | Killed Natasha
  5968 | D:5      | Found an opulent altar of Gozag.
  6165 | D:5      | Noticed Ijyb
  6174 | D:5      | Killed Ijyb
  6254 | D:5      | Reached XP level 9. HP: 42/75 MP: 9/9
  6591 | D:5      | Reached skill level 9 in Axes
  6825 | D:5      | Noticed Natasha
  6830 | D:5      | Killed Natasha
  7126 | D:5      | Noticed Natasha
  7132 | D:5      | Killed Natasha
  7451 | D:6      | Found a radiant altar of Vehumet.
  8193 | D:6      | Found a sacrificial altar of Ru.
  8357 | D:6      | Acquired Beogh's second power
  8362 | D:6      | Reached skill level 5 in Throwing
  8905 | D:7      | Reached skill level 10 in Axes
  9110 | D:7      | Noticed Pikel
  9168 | D:7      | Mangled by Pikel

Action                   |  1- 3 |  4- 6 |  7- 9 || total
-------------------------+-------+-------+-------++-------
Melee: War axe           |    86 |    60 |   291 ||   437
Throw: Stone             |   144 |    95 |   136 ||   375
       Tomahawk          |       |       |     5 ||     5
Invok: Convert to Beogh  |       |       |     1 ||     1
  Use: Scroll            |     4 |     2 |     4 ||    10
       Potion            |     2 |     3 |     4 ||     9
  Eat: Chunk             |     2 |     6 |    13 ||    21
       Meat ration       |       |       |     1 ||     1

Vault maps used:
D:1:      dpeg_arrival_boxorama
D:2:      nicolae_overflow_hidden_temple, lemuel_crystal_altar
D:3:      nemelex_xobeh_ov_fountains_minmay, hex_tiny, min_item_tele_traps
D:4:      grunt_temple_overflow_order_and_chaos_1,
          minmay_temple_entry_purple_smoke, first_bread, uniq_grinder
D:5:      nicolae_gozag_cash_rules_everything_around_me, uniq_natasha,
          uniq_sigmund, uniq_iyjb, uniq_edmund
D:6:      nicolae_overflow_crystal_walls, serial_bayou, serial_bayou_shore_a,
          serial_bayou_pond_b, serial_bayou_pond_e, serial_bayou_lake_a,
          serial_bayou_lagoon_a, hangedman_ru_absence
D:7:      kb_rosetta, uniq_pikel
Temple:   circular_temple_pool_8
